[ AOE2 MATCH · #482822243 ]
UnrankedTupi vs Chinese
[ REPLAY ANALYSIS · EXTRACTED FROM THE RECORDED GAME ]
Feudal
12:27
Castle
16:00
Imperial
31:52
| APM avg | 46.4 |
| APM peak | 98 |
| eAPM avg | 20.0 |
| Villagers / military | 101 / 20 |
Focus
⚔️ 29.8% · 🌾 70.2%
Unknown (2579) ×56 · Mangonel ×19 · Battering Ram ×1
Feudal
10:17
Castle
19:13
Imperial
32:41
| APM avg | 27.1 |
| APM peak | 64 |
| eAPM avg | 15.3 |
| Villagers / military | 152 / 153 |
Focus
⚔️ 21.8% · 🌾 78.2%
Archer ×146 · Trebuchet (Packed) ×7
Feudal
12:45
Castle
16:37
Imperial
33:29
| APM avg | 36.5 |
| APM peak | 76 |
| eAPM avg | 27.3 |
| Villagers / military | 185 / 279 |
Focus
⚔️ 35.1% · 🌾 64.9%
Spearman ×263 · Mangonel ×11 · Monk ×5
Feudal
11:27
Castle
15:01
Imperial
29:03
| APM avg | 39.0 |
| APM peak | 74 |
| eAPM avg | 26.1 |
| Villagers / military | 219 / 252 |
Focus
⚔️ 24.1% · 🌾 75.9%
Konnik ×209 · Scout Cavalry ×43 · Trade Cart ×32
Feudal
11:21
Castle
14:54
Imperial
29:19
| APM avg | 57.3 |
| APM peak | 119 |
| eAPM avg | 28.9 |
| Villagers / military | 136 / 131 |
Focus
⚔️ 36.5% · 🌾 63.5%
Rattan Archer ×99 · Bombard Cannon ×12 · Scorpion ×8 · Trebuchet (Packed) ×6 · Monk ×3 · Mangonel ×2
Feudal
12:37
Castle
16:09
Imperial
31:01
| APM avg | 42.9 |
| APM peak | 117 |
| eAPM avg | 24.7 |
| Villagers / military | 148 / 250 |
Focus
⚔️ 42.1% · 🌾 57.9%
Spearman ×202 · Mangonel ×38 · Trebuchet (Packed) ×6 · Boyar ×3 · Monk ×1
Feudal
10:00
Castle
23:21
Imperial
36:20
| APM avg | 36.6 |
| APM peak | 72 |
| eAPM avg | 21.5 |
| Villagers / military | 135 / 153 |
Focus
⚔️ 37.9% · 🌾 62.1%
Militia ×142 · Centurion ×7 · Archer ×3 · Scorpion ×1
Feudal
9:18
Castle
18:57
Imperial
32:10
| APM avg | 42.9 |
| APM peak | 98 |
| eAPM avg | 25.6 |
| Villagers / military | 160 / 60 |
Focus
⚔️ 43.5% · 🌾 56.5%
Mameluke ×45 · Trade Cart ×8 · Bombard Cannon ×6 · Trebuchet (Packed) ×4 · Militia ×3 · Monk ×2
Match map
Initial resources + every placement click. Lines = walls · curves = elevation contours. ◆ gold · ⬟ stone · ● berries · ✦ relic · ◌ wall gap
Your base· ✓ Closed at 16:00 · 0t walls · no gate
jimmy's base· ✓ Closed at 19:13 · 18t walls · 1 gate(s)
ReigNessaince's base· Open — opponent sealed themselves in
Bzm_Going's base· ✓ Closed at 15:01 · 0t walls · no gate
MiMitraglietta's base· Open — opponent sealed themselves in
m1gzu's base· ✓ Closed at 16:09 · 25t walls · no gate
LeosMind's base· ✓ Closed at 23:21 · 29t walls · 1 gate(s)
Dangio's base· ✓ Closed at 18:57 · 47t walls · no gate
Smoothed initial terrain · ◌ = detected wall gap · hover for details
Inputs per minute
— Contadinu(?) - - jimmy
Build order — Contadinu(?)
First 150 of 280 actions detected
| 0:03 | Build | House |
| 0:05 | Build | House |
| 0:15 | Queue | Villager (Male) |
| 0:15 | Queue | Villager (Male) |
| 0:37 | Queue | Villager (Male) |
| 0:37 | Queue | Villager (Male) |
| 1:07 | Queue | Villager (Male) |
| 1:07 | Queue | Villager (Male) |
| 1:41 | Queue | Villager (Male) |
| 1:41 | Queue | Villager (Male) |
| 2:07 | Build | Settlement |
| 2:08 | Queue | Villager (Male) |
| 3:11 | Queue | Villager (Male) |
| 3:11 | Queue | Villager (Male) |
| 3:12 | Queue | Villager (Male) |
| 3:49 | Queue | Villager (Male) |
| 3:49 | Queue | Villager (Male) |
| 4:05 | Queue | Villager (Male) |
| 4:33 | Build | Settlement |
| 4:52 | Queue | Villager (Male) |
| 4:52 | Queue | Villager (Male) |
| 4:53 | Queue | Villager (Male) |
| 4:53 | Queue | Villager (Male) |
| 5:37 | Queue | Villager (Male) |
| 5:37 | Queue | Villager (Male) |
| 5:37 | Queue | Villager (Male) |
| 5:38 | Queue | Villager (Male) |
| 6:07 | Queue | Villager (Male) |
| 6:27 | Queue | Villager (Male) |
| 6:38 | Queue | Villager (Male) |
| 7:47 | Queue | Villager (Male) |
| 8:00 | Queue | Villager (Male) |
| 8:05 | Queue | Villager (Male) |
| 8:35 | Queue | Villager (Male) |
| 8:39 | Queue | Villager (Male) |
| 8:41 | Build | House |
| 9:12 | Build | Settlement |
| 9:19 | Build | Settlement |
| 10:03 | Research | Feudal Age |
| 11:19 | Queue | Villager (Male) |
| 11:19 | Queue | Villager (Male) |
| 12:22 | Queue | Villager (Male) |
| 12:27 | Age | Feudal Age |
| 12:29 | Build | Blacksmith |
| 12:31 | Build | Market |
| 13:20 | Research | Castle Age |
| 13:26 | Research | Double-Bit Axe |
| 13:54 | Build | House |
| 14:09 | Research | Horse Collar |
| 15:14 | Queue | Villager (Male) |
| 15:15 | Queue | Villager (Male) |
| 15:31 | Build | House |
| 16:00 | Age | Castle Age |
| 16:13 | Build | Castle |
| 16:23 | Research | Bow Saw |
| 16:26 | Queue | Villager (Male) |
| 16:27 | Build | Farm |
| 16:45 | Research | Fletching |
| 16:59 | Build | Farm |
| 17:17 | Build | Farm |
| 17:18 | Queue | Villager (Male) |
| 17:18 | Queue | Villager (Male) |
| 17:25 | Build | Farm |
| 17:27 | Build | Farm |
| 17:48 | Build | Settlement |
| 17:51 | Queue | Unit 2579 |
| 17:51 | Queue | Unit 2579 |
| 17:52 | Queue | Unit 2579 |
| 17:52 | Queue | Unit 2579 |
| 17:58 | Build | Farm |
| 17:58 | Build | Farm |
| 17:58 | Build | Farm |
| 17:58 | Build | Farm |
| 18:09 | Research | Bodkin Arrow |
| 18:09 | Research | Bodkin Arrow |
| 18:29 | Research | Loom |
| 18:32 | Research | Loom |
| 18:35 | Queue | Villager (Male) |
| 18:35 | Queue | Villager (Male) |
| 18:40 | Queue | Unit 2579 |
| 19:00 | Queue | Unit 2579 |
| 19:07 | Build | Farm |
| 19:09 | Queue | Villager (Male) |
| 19:13 | Queue | Unit 2579 |
| 19:28 | Build | Siege Workshop |
| 19:32 | Queue | Unit 2579 |
| 19:40 | Build | Farm |
| 19:41 | Queue | Villager (Male) |
| 20:08 | Queue | Mangonel |
| 20:08 | Queue | Mangonel |
| 20:22 | Queue | Villager (Male) |
| 20:23 | Queue | Villager (Male) |
| 20:48 | Queue | Unit 2579 |
| 21:18 | Queue | Unit 2579 |
| 21:36 | Queue | Unit 2579 |
| 21:37 | Queue | Unit 2579 |
| 21:37 | Queue | Unit 2579 |
| 21:37 | Queue | Unit 2579 |
| 21:41 | Queue | Villager (Male) |
| 21:48 | Queue | Mangonel |
| 22:17 | Queue | Villager (Male) |
| 22:18 | Queue | Villager (Male) |
| 22:23 | Queue | Villager (Male) |
| 22:28 | Build | Town Center |
| 22:30 | Queue | Villager (Male) |
| 22:54 | Queue | Unit 2579 |
| 23:23 | Queue | Unit 2579 |
| 23:24 | Queue | Unit 2579 |
| 23:26 | Queue | Mangonel |
| 23:26 | Queue | Mangonel |
| 23:42 | Build | Settlement |
| 24:00 | Build | Farm |
| 24:01 | Queue | Villager (Male) |
| 24:04 | Research | Wheelbarrow |
| 24:07 | Research | Gold Mining |
| 24:16 | Queue | Mangonel |
| 24:23 | Queue | Unit 2579 |
| 24:23 | Queue | Unit 2579 |
| 24:26 | Queue | Villager (Male) |
| 24:29 | Build | University |
| 24:33 | Build | Barracks |
| 24:34 | Queue | Villager (Male) |
| 24:37 | Queue | Villager (Male) |
| 24:37 | Queue | Villager (Male) |
| 24:41 | Build | Town Center |
| 24:51 | Queue | Unit 2579 |
| 25:09 | Queue | Villager (Male) |
| 25:14 | Queue | Villager (Male) |
| 26:09 | Queue | Villager (Male) |
| 26:09 | Queue | Villager (Male) |
| 26:11 | Build | Farm |
| 26:12 | Build | Farm |
| 26:12 | Build | Farm |
| 26:12 | Build | Farm |
| 26:15 | Build | Farm |
| 26:19 | Queue | Unit 2579 |
| 26:26 | Queue | Mangonel |
| 26:48 | Queue | Unit 2579 |
| 26:49 | Queue | Unit 2579 |
| 26:49 | Queue | Unit 2579 |
| 26:52 | Queue | Villager (Male) |
| 26:52 | Queue | Villager (Male) |
| 27:18 | Build | Farm |
| 27:19 | Build | Farm |
| 27:20 | Research | Loom |
| 27:22 | Build | Farm |
| 27:24 | Build | Farm |
| 27:25 | Build | Farm |
| 27:25 | Build | Farm |
| 27:33 | Queue | Villager (Male) |
Build order — jimmy
First 150 of 359 actions detected
| 0:04 | Research | Loom |
| 0:44 | Queue | Villager (Male) |
| 0:44 | Queue | Villager (Male) |
| 1:18 | Queue | Villager (Male) |
| 1:47 | Queue | Villager (Male) |
| 1:47 | Queue | Villager (Male) |
| 1:55 | Build | House |
| 2:15 | Queue | Villager (Male) |
| 2:27 | Queue | Villager (Male) |
| 2:57 | Queue | Villager (Male) |
| 3:10 | Queue | Villager (Male) |
| 3:10 | Queue | Villager (Male) |
| 3:44 | Queue | Villager (Male) |
| 3:44 | Queue | Villager (Male) |
| 4:13 | Queue | Villager (Male) |
| 4:35 | Queue | Villager (Male) |
| 4:39 | Queue | Villager (Male) |
| 4:50 | Queue | Villager (Male) |
| 4:50 | Queue | Villager (Male) |
| 5:05 | Build | Lumber Camp |
| 5:37 | Queue | Villager (Male) |
| 5:37 | Queue | Villager (Male) |
| 5:42 | Build | House |
| 6:26 | Queue | Villager (Male) |
| 6:26 | Queue | Villager (Male) |
| 6:39 | Queue | Villager (Male) |
| 6:39 | Queue | Villager (Male) |
| 6:39 | Queue | Villager (Male) |
| 6:39 | Queue | Villager (Male) |
| 7:03 | Build | Mining Camp |
| 8:07 | Research | Feudal Age |
| 8:29 | Build | Barracks |
| 8:37 | Build | House |
| 9:42 | Build | Mill |
| 10:09 | Queue | Villager (Male) |
| 10:10 | Queue | Villager (Male) |
| 10:17 | Age | Feudal Age |
| 10:20 | Build | Archery Range |
| 10:30 | Build | House |
| 10:45 | Queue | Archer |
| 10:46 | Queue | Archer |
| 10:53 | Build | Blacksmith |
| 10:54 | Queue | Villager (Male) |
| 11:12 | Queue | Villager (Male) |
| 11:31 | Build | Mill |
| 11:46 | Queue | Archer |
| 12:00 | Queue | Villager (Male) |
| 12:33 | Queue | Villager (Male) |
| 12:34 | Queue | Archer |
| 12:34 | Queue | Archer |
| 12:52 | Queue | Villager (Male) |
| 12:56 | Research | Horse Collar |
| 12:59 | Build | House |
| 13:00 | Build | House |
| 13:24 | Queue | Villager (Male) |
| 13:26 | Build | Farm |
| 13:29 | Build | Farm |
| 13:30 | Build | Farm |
| 13:51 | Queue | Villager (Male) |
| 13:59 | Build | Farm |
| 14:04 | Build | Farm |
| 14:19 | Queue | Villager (Male) |
| 14:22 | Build | Farm |
| 14:42 | Queue | Villager (Male) |
| 14:49 | Queue | Archer |
| 14:49 | Queue | Archer |
| 14:50 | Queue | Archer |
| 15:01 | Research | Fletching |
| 15:25 | Build | Archery Range |
| 15:34 | Queue | Villager (Male) |
| 15:34 | Queue | Villager (Male) |
| 15:38 | Build | Farm |
| 15:53 | Build | Farm |
| 16:16 | Queue | Archer |
| 16:16 | Queue | Archer |
| 16:31 | Build | House |
| 16:32 | Build | House |
| 16:33 | Research | Castle Age |
| 16:43 | Build | House |
| 17:10 | Build | Stone Wall |
| 17:11 | Build | Gate |
| 17:19 | Build | Stone Wall |
| 17:32 | Build | Farm |
| 17:33 | Build | Farm |
| 17:34 | Build | Farm |
| 17:43 | Queue | Archer |
| 17:43 | Queue | Archer |
| 17:47 | Build | House |
| 17:53 | Build | Farm |
| 19:07 | Queue | Archer |
| 19:07 | Queue | Archer |
| 19:13 | Age | Castle Age |
| 19:16 | Research | Crossbowman (upgrade) |
| 19:20 | Queue | Villager (Male) |
| 19:20 | Queue | Villager (Male) |
| 19:26 | Build | Town Center |
| 19:38 | Research | Double-Bit Axe |
| 19:47 | Research | Bodkin Arrow |
| 20:10 | Queue | Villager (Male) |
| 20:10 | Queue | Villager (Male) |
| 20:14 | Queue | Villager (Male) |
| 20:15 | Queue | Villager (Male) |
| 20:29 | Queue | Villager (Male) |
| 20:30 | Queue | Villager (Male) |
| 20:54 | Build | Mining Camp |
| 20:56 | Queue | Archer |
| 20:56 | Queue | Archer |
| 20:56 | Queue | Archer |
| 21:03 | Build | Farm |
| 21:04 | Build | Farm |
| 21:05 | Build | Farm |
| 21:06 | Build | Farm |
| 21:15 | Queue | Villager (Male) |
| 21:15 | Queue | Villager (Male) |
| 21:18 | Queue | Archer |
| 21:18 | Queue | Archer |
| 21:29 | Build | Farm |
| 21:30 | Build | Farm |
| 21:33 | Research | Bow Saw |
| 21:34 | Research | Bow Saw |
| 22:02 | Queue | Villager (Male) |
| 22:03 | Queue | Villager (Male) |
| 22:05 | Build | Farm |
| 22:13 | Queue | Villager (Male) |
| 22:13 | Queue | Villager (Male) |
| 22:20 | Queue | Archer |
| 22:21 | Queue | Archer |
| 22:26 | Queue | Villager (Male) |
| 22:26 | Queue | Villager (Male) |
| 22:43 | Build | Town Center |
| 22:49 | Queue | Villager (Male) |
| 22:49 | Queue | Villager (Male) |
| 22:51 | Build | Farm |
| 22:59 | Build | Farm |
| 23:11 | Queue | Villager (Male) |
| 23:11 | Queue | Villager (Male) |
| 23:15 | Research | Padded Archer Armor |
| 23:17 | Queue | Archer ×3 |
| 23:35 | Build | House |
| 23:35 | Build | House |
| 23:38 | Build | House |
| 23:38 | Build | House |
| 23:43 | Queue | Villager (Male) |
| 23:44 | Queue | Villager (Male) |
| 23:53 | Queue | Villager (Male) |
| 23:53 | Queue | Villager (Male) |
| 24:16 | Build | Town Center |
| 24:31 | Queue | Villager (Male) |
| 24:32 | Queue | Villager (Male) |
| 24:47 | Build | University |
Build order — ReigNessaince
First 150 of 557 actions detected
| 0:00 | Queue | Villager (Male) |
| 0:01 | Queue | Villager (Male) |
| 0:01 | Queue | Villager (Male) |
| 0:02 | Build | House |
| 0:03 | Build | House |
| 0:15 | Research | Loom |
| 0:15 | Queue | Villager (Male) |
| 0:16 | Queue | Villager (Male) |
| 0:17 | Queue | Villager (Male) |
| 1:09 | Build | Palisade Wall |
| 2:16 | Queue | Villager (Male) |
| 2:16 | Queue | Villager (Male) |
| 3:15 | Queue | Villager (Male) |
| 3:22 | Build | Palisade Wall |
| 3:24 | Build | Palisade Wall |
| 3:26 | Build | Palisade Wall |
| 3:27 | Build | Palisade Wall |
| 3:30 | Queue | Villager (Male) |
| 3:54 | Queue | Villager (Male) |
| 4:02 | Build | Lumber Camp |
| 4:28 | Build | Lumber Camp |
| 4:32 | Queue | Villager (Male) |
| 4:35 | Queue | Villager (Male) |
| 5:11 | Queue | Villager (Male) |
| 5:38 | Queue | Villager (Male) |
| 5:40 | Queue | Villager (Male) |
| 6:23 | Queue | Villager (Male) |
| 6:24 | Queue | Villager (Male) |
| 6:28 | Build | House |
| 6:39 | Queue | Villager (Male) |
| 7:07 | Queue | Villager (Male) |
| 7:20 | Queue | Villager (Male) |
| 7:26 | Build | House |
| 7:36 | Queue | Villager (Male) |
| 8:10 | Build | Palisade Wall |
| 8:12 | Build | Palisade Wall |
| 8:40 | Build | Mill |
| 8:40 | Queue | Villager (Male) |
| 9:04 | Queue | Villager (Male) |
| 9:18 | Build | Palisade Wall |
| 9:53 | Build | Mining Camp |
| 10:06 | Queue | Villager (Male) |
| 10:15 | Build | House |
| 10:29 | Research | Feudal Age |
| 11:32 | Queue | Villager (Male) |
| 12:45 | Age | Feudal Age |
| 12:53 | Build | Market |
| 12:57 | Build | Blacksmith |
| 13:03 | Queue | Villager (Male) |
| 13:16 | Build | House |
| 13:57 | Research | Castle Age |
| 13:57 | Research | Castle Age |
| 14:38 | Research | Double-Bit Axe |
| 14:56 | Research | Horse Collar |
| 15:27 | Queue | Villager (Male) |
| 15:34 | Build | House |
| 15:54 | Build | Farm |
| 15:54 | Build | Farm |
| 15:55 | Build | Farm |
| 15:55 | Build | Farm |
| 15:55 | Build | Farm |
| 16:04 | Queue | Villager (Male) |
| 16:37 | Age | Castle Age |
| 16:47 | Queue | Villager (Male) |
| 17:01 | Build | Monastery |
| 17:04 | Queue | Villager (Male) |
| 17:08 | Build | Town Center |
| 17:21 | Queue | Villager (Male) |
| 17:26 | Build | Town Center |
| 17:29 | Queue | Villager (Male) |
| 17:31 | Build | House |
| 17:42 | Build | Stone Wall |
| 17:47 | Build | Stone Wall |
| 17:55 | Queue | Villager (Male) |
| 17:57 | Queue | Monk |
| 18:14 | Build | Stone Wall |
| 18:15 | Build | Stone Wall |
| 18:28 | Build | House |
| 18:29 | Build | Stone Wall |
| 18:30 | Build | Stone Wall |
| 18:58 | Queue | Villager (Male) |
| 19:14 | Build | Stone Wall |
| 19:16 | Build | Stone Wall |
| 19:23 | Build | Stone Wall |
| 19:24 | Build | Stone Wall |
| 19:37 | Build | Palisade Wall |
| 19:38 | Build | Palisade Wall |
| 19:39 | Build | Palisade Wall |
| 19:48 | Queue | Monk |
| 19:51 | Build | Farm |
| 19:52 | Build | Farm |
| 19:52 | Build | Farm |
| 19:52 | Build | Farm |
| 19:52 | Build | Farm |
| 19:53 | Build | Farm |
| 19:53 | Build | Farm |
| 19:53 | Build | Farm |
| 19:54 | Build | Farm |
| 19:54 | Build | Farm |
| 19:58 | Queue | Villager (Male) |
| 19:58 | Queue | Villager (Male) |
| 20:13 | Build | House |
| 20:24 | Build | House |
| 20:29 | Build | House |
| 20:30 | Build | House |
| 20:31 | Queue | Monk |
| 20:39 | Build | Siege Workshop |
| 20:49 | Build | Farm |
| 20:50 | Queue | Villager (Male) |
| 20:50 | Queue | Villager (Male) |
| 21:03 | Build | Farm |
| 21:10 | Queue | Villager (Male) |
| 21:14 | Build | House |
| 21:19 | Queue | Villager (Male) |
| 21:19 | Queue | Villager (Male) |
| 21:22 | Build | Farm |
| 21:29 | Build | House |
| 21:35 | Queue | Monk |
| 21:38 | Build | House |
| 21:42 | Queue | Villager (Male) |
| 21:45 | Build | House |
| 21:47 | Queue | Villager (Male) |
| 21:52 | Queue | Villager (Male) |
| 21:55 | Build | Farm |
| 22:09 | Build | Farm |
| 22:17 | Build | Farm |
| 22:19 | Queue | Villager (Male) |
| 22:25 | Queue | Villager (Male) |
| 22:33 | Queue | Mangonel |
| 22:38 | Build | House |
| 22:42 | Build | House |
| 22:42 | Queue | Villager (Male) |
| 22:51 | Queue | Villager (Male) |
| 22:51 | Queue | Villager (Male) |
| 23:09 | Queue | Villager (Male) |
| 23:11 | Queue | Villager (Male) |
| 23:15 | Build | House |
| 23:16 | Queue | Villager (Male) |
| 23:19 | Build | House |
| 23:28 | Build | Farm |
| 23:28 | Queue | Villager (Male) |
| 23:30 | Build | Farm |
| 23:33 | Build | Farm |
| 23:33 | Build | Farm |
| 23:35 | Queue | Villager (Male) |
| 23:35 | Queue | Villager (Male) |
| 23:50 | Queue | Villager (Male) |
| 23:57 | Queue | Villager (Male) |
| 23:57 | Queue | Villager (Male) |
| 23:59 | Queue | Villager (Male) |
Build order — Bzm_Going
First 150 of 527 actions detected
| 0:01 | Queue | Villager (Male) |
| 0:01 | Queue | Villager (Male) |
| 0:01 | Queue | Villager (Male) |
| 0:01 | Queue | Villager (Male) |
| 0:02 | Queue | Villager (Male) |
| 0:02 | Build | House |
| 0:04 | Build | House |
| 1:09 | Queue | Villager (Male) |
| 1:09 | Queue | Villager (Male) |
| 1:38 | Queue | Villager (Male) |
| 1:38 | Queue | Villager (Male) |
| 1:48 | Build | Lumber Camp |
| 2:10 | Build | House |
| 2:37 | Queue | Villager (Male) |
| 2:37 | Queue | Villager (Male) |
| 2:57 | Queue | Villager (Male) |
| 2:57 | Queue | Villager (Male) |
| 2:57 | Queue | Villager (Male) |
| 3:36 | Queue | Villager (Male) |
| 3:51 | Queue | Villager (Male) |
| 4:35 | Queue | Villager (Male) |
| 4:35 | Queue | Villager (Male) |
| 4:53 | Queue | Villager (Male) |
| 4:53 | Queue | Villager (Male) |
| 5:16 | Queue | Villager (Male) |
| 5:17 | Queue | Villager (Male) |
| 5:34 | Queue | Villager (Male) |
| 5:34 | Queue | Villager (Male) |
| 6:02 | Queue | Villager (Male) |
| 6:10 | Build | House |
| 6:28 | Build | Mill |
| 6:31 | Queue | Villager (Male) |
| 6:31 | Queue | Villager (Male) |
| 6:38 | Research | Loom |
| 6:55 | Queue | Villager (Male) |
| 6:55 | Queue | Villager (Male) |
| 6:55 | Queue | Villager (Male) |
| 7:06 | Queue | Villager (Male) |
| 7:08 | Queue | Villager (Male) |
| 7:12 | Queue | Villager (Male) |
| 7:12 | Queue | Villager (Male) |
| 7:13 | Queue | Villager (Male) |
| 7:53 | Queue | Villager (Male) |
| 8:36 | Build | Mining Camp |
| 8:55 | Research | Feudal Age |
| 9:43 | Build | House |
| 10:19 | Queue | Villager (Male) |
| 10:19 | Queue | Villager (Male) |
| 10:37 | Build | Farm |
| 10:38 | Build | Farm |
| 10:39 | Build | Farm |
| 10:46 | Build | Farm |
| 10:52 | Build | Farm |
| 11:27 | Age | Feudal Age |
| 11:29 | Build | Market |
| 11:32 | Build | Blacksmith |
| 12:08 | Build | Mill |
| 12:21 | Research | Castle Age |
| 12:21 | Research | Castle Age |
| 12:55 | Build | Lumber Camp |
| 13:46 | Build | House |
| 13:47 | Build | House |
| 13:50 | Research | Double-Bit Axe |
| 13:50 | Research | Horse Collar |
| 13:51 | Research | Horse Collar |
| 14:57 | Queue | Villager (Male) |
| 15:01 | Age | Castle Age |
| 15:15 | Build | Town Center |
| 15:19 | Queue | Villager (Male) |
| 15:29 | Queue | Villager (Male) |
| 15:29 | Queue | Villager (Male) |
| 15:31 | Research | Bow Saw |
| 15:57 | Queue | Villager (Male) |
| 16:15 | Build | Town Center |
| 16:18 | Queue | Villager (Male) |
| 16:32 | Queue | Villager (Male) |
| 16:32 | Queue | Villager (Male) |
| 16:33 | Queue | Villager (Male) |
| 16:46 | Queue | Villager (Male) |
| 17:00 | Build | Town Center |
| 17:01 | Queue | Villager (Male) |
| 17:08 | Queue | Villager (Male) |
| 17:08 | Queue | Villager (Male) |
| 17:14 | Queue | Villager (Male) |
| 17:30 | Queue | Villager (Male) |
| 17:34 | Build | Farm |
| 17:36 | Research | Heavy Plow |
| 17:38 | Build | Farm |
| 17:43 | Queue | Villager (Male) |
| 17:43 | Queue | Villager (Male) |
| 17:49 | Build | Farm |
| 17:50 | Build | Farm |
| 17:53 | Queue | Villager (Male) |
| 17:53 | Queue | Villager (Male) |
| 18:07 | Build | Farm |
| 18:09 | Build | Farm |
| 18:16 | Build | Lumber Camp |
| 18:21 | Build | Farm |
| 18:22 | Queue | Villager (Male) |
| 18:22 | Queue | Villager (Male) |
| 18:22 | Queue | Villager (Male) |
| 18:32 | Build | Farm |
| 18:34 | Build | Farm |
| 18:36 | Queue | Villager (Male) |
| 18:36 | Queue | Villager (Male) |
| 18:43 | Build | Farm |
| 18:44 | Build | Farm |
| 18:45 | Queue | Villager (Male) |
| 18:53 | Build | Farm |
| 18:58 | Build | Farm |
| 18:58 | Queue | Villager (Male) |
| 18:59 | Queue | Villager (Male) |
| 19:06 | Build | House |
| 19:07 | Build | House |
| 19:09 | Queue | Villager (Male) |
| 19:10 | Queue | Villager (Male) |
| 19:13 | Build | House |
| 19:16 | Build | House |
| 19:16 | Build | House |
| 19:18 | Build | House |
| 19:20 | Queue | Villager (Male) |
| 19:20 | Queue | Villager (Male) |
| 19:20 | Queue | Villager (Male) |
| 19:25 | Queue | Villager (Male) |
| 19:25 | Queue | Villager (Male) |
| 19:30 | Build | Farm |
| 19:32 | Build | Farm |
| 19:35 | Build | Farm |
| 19:36 | Queue | Villager (Male) |
| 19:36 | Queue | Villager (Male) |
| 19:37 | Queue | Villager (Male) |
| 19:48 | Build | Farm |
| 19:50 | Build | Farm |
| 19:52 | Queue | Villager (Male) |
| 19:52 | Queue | Villager (Male) |
| 19:56 | Build | Farm |
| 20:03 | Build | House |
| 20:05 | Queue | Villager (Male) |
| 20:05 | Queue | Villager (Male) |
| 20:11 | Build | House |
| 20:13 | Queue | Villager (Male) |
| 20:13 | Queue | Villager (Male) |
| 20:17 | Build | Farm |
| 20:18 | Queue | Villager (Male) |
| 20:18 | Queue | Villager (Male) |
| 20:19 | Queue | Villager (Male) |
| 20:25 | Build | Farm |
| 20:26 | Build | Farm |
| 20:38 | Build | House |
| 20:38 | Build | House |
Build order — MiMitraglietta
First 150 of 447 actions detected
| 0:00 | Queue | Villager (Male) |
| 0:01 | Queue | Villager (Male) |
| 0:01 | Queue | Villager (Male) |
| 0:02 | Build | House |
| 0:03 | Build | House |
| 0:12 | Queue | Villager (Male) |
| 0:12 | Queue | Villager (Male) |
| 1:25 | Queue | Villager (Male) |
| 1:54 | Queue | Villager (Male) |
| 1:56 | Build | Lumber Camp |
| 2:15 | Queue | Villager (Male) |
| 2:52 | Queue | Villager (Male) |
| 3:05 | Queue | Villager (Male) |
| 3:30 | Queue | Villager (Male) |
| 3:50 | Build | House |
| 3:50 | Build | House |
| 3:56 | Queue | Villager (Male) |
| 4:28 | Queue | Villager (Male) |
| 4:28 | Queue | Villager (Male) |
| 4:31 | Build | House |
| 4:50 | Queue | Villager (Male) |
| 4:51 | Queue | Villager (Male) |
| 4:51 | Queue | Villager (Male) |
| 5:05 | Build | Mill |
| 5:26 | Queue | Villager (Male) |
| 5:26 | Queue | Villager (Male) |
| 5:40 | Queue | Villager (Male) |
| 6:09 | Queue | Villager (Male) |
| 6:48 | Build | Lumber Camp |
| 6:49 | Queue | Villager (Male) |
| 7:03 | Queue | Villager (Male) |
| 7:39 | Queue | Villager (Male) |
| 8:34 | Queue | Villager (Male) |
| 8:50 | Build | Mining Camp |
| 8:57 | Research | Feudal Age |
| 10:05 | Build | Palisade Wall |
| 10:19 | Queue | Villager (Male) |
| 10:19 | Queue | Villager (Male) |
| 10:53 | Build | House |
| 11:14 | Build | Palisade Gate |
| 11:21 | Age | Feudal Age |
| 11:23 | Build | Market |
| 11:24 | Build | Blacksmith |
| 11:44 | Research | Double-Bit Axe |
| 12:14 | Research | Castle Age |
| 12:33 | Research | Horse Collar |
| 14:14 | Build | Farm |
| 14:15 | Build | Farm |
| 14:16 | Build | Farm |
| 14:19 | Queue | Villager (Male) |
| 14:54 | Age | Castle Age |
| 14:55 | Build | Monastery |
| 14:56 | Research | Bow Saw |
| 15:00 | Build | Siege Workshop |
| 15:04 | Queue | Villager (Male) |
| 15:30 | Build | Farm |
| 15:34 | Build | Farm |
| 15:36 | Build | Farm |
| 15:42 | Queue | Monk |
| 15:50 | Queue | Scorpion |
| 15:54 | Build | House |
| 15:54 | Build | House |
| 15:55 | Queue | Villager (Male) |
| 16:00 | Build | Farm |
| 16:06 | Build | Farm |
| 16:07 | Build | Farm |
| 16:09 | Queue | Villager (Male) |
| 16:13 | Queue | Battering Ram |
| 16:26 | Queue | Scorpion |
| 16:28 | Queue | Villager (Male) |
| 16:30 | Build | Farm |
| 16:51 | Build | Town Center |
| 16:53 | Queue | Villager (Male) |
| 16:59 | Build | House |
| 17:00 | Queue | Scorpion |
| 17:05 | Build | Farm |
| 17:09 | Research | Wheelbarrow |
| 17:14 | Queue | Scorpion |
| 17:26 | Build | Town Center |
| 17:32 | Build | Town Center |
| 17:37 | Queue | Villager (Male) |
| 18:01 | Queue | Scorpion |
| 18:04 | Queue | Villager (Male) |
| 18:06 | Build | Farm |
| 18:09 | Build | Farm |
| 18:22 | Queue | Villager (Male) |
| 18:22 | Queue | Villager (Male) |
| 18:29 | Queue | Villager (Male) |
| 18:31 | Build | Farm |
| 18:32 | Build | Farm |
| 18:33 | Build | Farm |
| 18:35 | Build | Farm |
| 18:43 | Build | House |
| 18:44 | Queue | Villager (Male) |
| 18:44 | Queue | Villager (Male) |
| 19:08 | Queue | Villager (Male) |
| 19:10 | Build | Farm |
| 19:13 | Build | Farm |
| 19:27 | Queue | Mangonel |
| 19:30 | Queue | Villager (Male) |
| 19:40 | Build | House |
| 19:41 | Queue | Monk |
| 19:58 | Queue | Villager (Male) |
| 19:58 | Queue | Villager (Male) |
| 20:06 | Build | Farm |
| 20:09 | Queue | Villager (Male) |
| 20:10 | Research | Heavy Plow |
| 20:15 | Build | Farm |
| 20:16 | Build | Farm |
| 20:16 | Queue | Villager (Male) |
| 20:33 | Queue | Scorpion |
| 20:33 | Queue | Scorpion |
| 20:39 | Queue | Villager (Male) |
| 20:41 | Build | House |
| 20:42 | Build | House |
| 20:45 | Queue | Villager (Male) |
| 20:50 | Build | Farm |
| 20:51 | Build | Farm |
| 20:56 | Queue | Villager (Male) |
| 20:56 | Queue | Villager (Male) |
| 21:01 | Build | Farm |
| 21:09 | Queue | Villager (Male) |
| 21:20 | Queue | Villager (Male) |
| 21:21 | Queue | Villager (Male) |
| 21:33 | Queue | Villager (Male) |
| 21:39 | Build | Farm |
| 21:40 | Queue | Villager (Male) |
| 21:40 | Queue | Villager (Male) |
| 21:42 | Build | Farm |
| 21:43 | Build | Farm |
| 21:48 | Build | Town Center |
| 21:51 | Build | House |
| 21:51 | Build | House |
| 22:02 | Queue | Villager (Male) |
| 22:03 | Queue | Villager (Male) |
| 22:14 | Build | Farm |
| 22:15 | Queue | Villager (Male) |
| 22:15 | Queue | Villager (Male) |
| 22:18 | Research | Hand Cart |
| 22:23 | Build | Farm |
| 22:25 | Build | Farm |
| 22:26 | Research | Stone Mining |
| 22:28 | Queue | Villager (Male) |
| 22:30 | Build | Farm |
| 22:51 | Queue | Villager (Male) |
| 22:51 | Queue | Villager (Male) |
| 22:52 | Queue | Villager (Male) |
| 22:58 | Queue | Mangonel |
| 23:12 | Build | House |
| 23:13 | Build | House |
Build order — m1gzu
First 150 of 350 actions detected
| 0:00 | Queue | Villager (Male) |
| 0:01 | Queue | Villager (Male) |
| 0:01 | Queue | Villager (Male) |
| 0:02 | Build | House |
| 0:03 | Build | House |
| 0:18 | Research | Loom |
| 0:19 | Queue | Villager (Male) |
| 0:19 | Queue | Villager (Male) |
| 0:30 | Queue | Villager (Male) |
| 0:40 | Build | Palisade Wall |
| 1:19 | Build | Palisade Wall |
| 1:25 | Build | House |
| 1:48 | Queue | Villager (Male) |
| 2:32 | Queue | Villager (Male) |
| 2:52 | Build | Palisade Wall |
| 2:54 | Build | Palisade Wall |
| 2:58 | Queue | Villager (Male) |
| 3:24 | Build | Lumber Camp |
| 3:27 | Queue | Villager (Male) |
| 3:47 | Queue | Villager (Male) |
| 3:47 | Queue | Villager (Male) |
| 4:14 | Queue | Villager (Male) |
| 4:49 | Queue | Villager (Male) |
| 5:11 | Build | Palisade Wall |
| 5:17 | Queue | Villager (Male) |
| 5:17 | Queue | Villager (Male) |
| 5:19 | Queue | Villager (Male) |
| 5:19 | Queue | Villager (Male) |
| 5:30 | Build | House |
| 5:50 | Queue | Villager (Male) |
| 5:51 | Queue | Villager (Male) |
| 5:51 | Queue | Villager (Male) |
| 6:07 | Queue | Villager (Male) |
| 6:24 | Build | Palisade Wall |
| 6:27 | Build | Palisade Wall |
| 6:33 | Build | House |
| 6:35 | Queue | Villager (Male) |
| 6:35 | Queue | Villager (Male) |
| 7:21 | Queue | Villager (Male) |
| 7:22 | Queue | Villager (Male) |
| 8:11 | Queue | Villager (Male) |
| 8:15 | Queue | Villager (Male) |
| 8:16 | Queue | Villager (Male) |
| 8:23 | Build | Mill |
| 9:13 | Build | Lumber Camp |
| 9:13 | Queue | Villager (Male) |
| 9:32 | Build | House |
| 10:02 | Build | Mining Camp |
| 10:27 | Research | Feudal Age |
| 11:10 | Build | House |
| 11:44 | Queue | Villager (Male) |
| 11:45 | Queue | Villager (Male) |
| 12:37 | Age | Feudal Age |
| 12:38 | Build | Market |
| 12:40 | Build | Blacksmith |
| 13:18 | Build | Mining Camp |
| 13:29 | Research | Castle Age |
| 13:51 | Build | Stone Wall |
| 14:38 | Research | Horse Collar |
| 14:58 | Research | Double-Bit Axe |
| 15:26 | Queue | Villager (Male) |
| 15:26 | Queue | Villager (Male) |
| 16:09 | Age | Castle Age |
| 16:13 | Queue | Villager (Male) |
| 16:21 | Research | Heavy Plow |
| 16:41 | Build | Castle |
| 16:58 | Build | Palisade Wall |
| 17:06 | Queue | Villager (Male) |
| 17:07 | Build | Farm |
| 17:08 | Build | Farm |
| 17:13 | Build | Farm |
| 17:14 | Build | Farm |
| 17:15 | Build | Farm |
| 17:15 | Build | Farm |
| 17:16 | Build | Farm |
| 17:19 | Queue | Villager (Male) |
| 17:47 | Build | House |
| 17:48 | Build | House |
| 17:51 | Queue | Boyar |
| 17:52 | Queue | Boyar |
| 18:07 | Queue | Villager (Male) |
| 18:21 | Queue | Boyar |
| 18:39 | Queue | Villager (Male) |
| 19:04 | Build | Town Center |
| 19:14 | Research | Fletching |
| 19:20 | Queue | Villager (Male) |
| 19:21 | Queue | Villager (Male) |
| 19:38 | Queue | Villager (Male) |
| 20:12 | Queue | Villager (Male) |
| 20:13 | Queue | Villager (Male) |
| 20:18 | Queue | Villager (Male) |
| 20:24 | Build | Farm |
| 20:26 | Build | Farm |
| 20:27 | Build | Farm |
| 20:28 | Build | Farm |
| 20:29 | Queue | Villager (Male) |
| 20:31 | Build | Farm |
| 20:32 | Build | Farm |
| 20:33 | Build | Farm |
| 20:40 | Queue | Villager (Male) |
| 20:49 | Build | Farm |
| 20:50 | Build | Farm |
| 20:50 | Build | Farm |
| 20:50 | Build | Farm |
| 20:50 | Build | Farm |
| 20:52 | Queue | Villager (Male) |
| 21:06 | Queue | Villager (Male) |
| 21:06 | Queue | Villager (Male) |
| 21:15 | Queue | Villager (Male) |
| 21:31 | Build | Stone Wall |
| 21:32 | Queue | Villager (Male) |
| 21:32 | Queue | Villager (Male) |
| 21:34 | Queue | Villager (Male) |
| 21:40 | Research | Wheelbarrow |
| 21:55 | Build | Town Center |
| 22:12 | Build | Gate |
| 22:13 | Build | Stone Wall |
| 22:29 | Build | Stone Wall |
| 22:29 | Queue | Villager (Male) |
| 22:29 | Queue | Villager (Male) |
| 22:30 | Queue | Villager (Male) |
| 22:35 | Research | Bow Saw |
| 22:35 | Research | Bow Saw |
| 22:39 | Queue | Villager (Male) |
| 22:45 | Research | Gold Mining |
| 22:55 | Build | Farm |
| 22:56 | Build | Farm |
| 22:57 | Build | Farm |
| 23:29 | Queue | Villager (Male) |
| 23:31 | Queue | Villager (Male) |
| 23:32 | Build | Farm |
| 23:33 | Build | Farm |
| 23:33 | Build | Farm |
| 23:33 | Build | Farm |
| 23:36 | Queue | Villager (Male) ×5 |
| 23:37 | Queue | Villager (Male) |
| 24:02 | Build | Barracks |
| 24:04 | Research | Scale Barding Armor |
| 24:07 | Queue | Villager (Male) |
| 24:07 | Queue | Villager (Male) |
| 24:09 | Research | Bodkin Arrow |
| 24:19 | Research | Town Watch |
| 24:33 | Research | Gold Shaft Mining |
| 24:38 | Build | Monastery |
| 24:51 | Research | Hand Cart |
| 24:52 | Queue | Villager (Male) ×2 |
| 24:54 | Queue | Villager (Male) |
| 24:57 | Queue | Villager (Male) |
| 24:57 | Queue | Villager (Male) |
| 25:19 | Queue | Villager (Male) ×5 |
Build order — LeosMind
First 150 of 471 actions detected
| 0:01 | Queue | Villager (Male) |
| 0:02 | Build | House |
| 0:04 | Build | House |
| 0:17 | Queue | Villager (Male) |
| 0:17 | Queue | Villager (Male) |
| 0:18 | Queue | Villager (Male) |
| 0:18 | Queue | Villager (Male) |
| 1:15 | Queue | Villager (Male) |
| 2:08 | Queue | Villager (Male) |
| 2:35 | Queue | Villager (Male) |
| 2:35 | Queue | Villager (Male) |
| 2:39 | Build | Lumber Camp |
| 3:02 | Queue | Villager (Male) |
| 3:31 | Queue | Villager (Male) |
| 3:31 | Queue | Villager (Male) |
| 3:31 | Queue | Villager (Male) |
| 3:49 | Queue | Villager (Male) |
| 4:12 | Build | House |
| 4:22 | Queue | Villager (Male) |
| 4:48 | Build | Mill |
| 5:16 | Queue | Villager (Male) |
| 5:16 | Queue | Villager (Male) |
| 5:39 | Research | Loom |
| 5:40 | Queue | Villager (Male) |
| 5:52 | Build | House |
| 6:26 | Queue | Villager (Male) |
| 6:45 | Build | House |
| 6:45 | Queue | Villager (Male) |
| 6:59 | Queue | Villager (Male) |
| 7:19 | Queue | Villager (Male) |
| 7:19 | Queue | Villager (Male) |
| 7:28 | Build | Barracks |
| 7:50 | Research | Feudal Age |
| 8:23 | Build | Mining Camp |
| 8:31 | Queue | Militia |
| 8:31 | Queue | Militia |
| 9:00 | Queue | Militia |
| 10:00 | Age | Feudal Age |
| 10:03 | Research | Man-at-Arms (upgrade) |
| 10:06 | Build | Blacksmith |
| 10:17 | Queue | Villager (Male) |
| 10:39 | Queue | Militia |
| 10:48 | Queue | Villager (Male) |
| 10:51 | Research | Scale Mail Armor |
| 11:05 | Build | House |
| 11:07 | Build | Palisade Gate |
| 11:13 | Queue | Villager (Male) |
| 11:18 | Queue | Militia |
| 11:27 | Queue | Villager (Male) |
| 11:34 | Research | Town Watch |
| 11:42 | Queue | Villager (Male) |
| 12:07 | Build | Archery Range |
| 12:44 | Queue | Militia |
| 12:45 | Queue | Villager (Male) |
| 12:52 | Queue | Villager (Male) |
| 12:52 | Queue | Villager (Male) |
| 13:14 | Queue | Villager (Male) |
| 13:28 | Queue | Archer |
| 13:28 | Queue | Archer |
| 13:43 | Build | Watch Tower |
| 13:46 | Queue | Villager (Male) |
| 13:49 | Build | Mining Camp |
| 13:57 | Queue | Militia |
| 14:16 | Queue | Archer |
| 14:18 | Queue | Villager (Male) |
| 14:29 | Build | Farm |
| 14:30 | Build | Farm |
| 14:34 | Build | Farm |
| 14:46 | Build | Farm |
| 14:48 | Build | House |
| 14:48 | Build | House |
| 14:49 | Build | House |
| 14:55 | Queue | Villager (Male) |
| 15:34 | Build | Lumber Camp |
| 15:35 | Queue | Villager (Male) |
| 15:45 | Queue | Villager (Male) |
| 15:47 | Queue | Militia |
| 16:13 | Build | Market |
| 16:51 | Build | Stone Wall |
| 16:56 | Build | Stone Wall |
| 17:00 | Queue | Villager (Male) |
| 17:08 | Build | Farm |
| 17:46 | Build | Farm |
| 17:46 | Build | Farm |
| 17:47 | Build | Farm |
| 17:47 | Build | Farm |
| 17:52 | Build | House |
| 17:52 | Queue | Villager (Male) |
| 18:25 | Build | Mining Camp |
| 18:25 | Queue | Villager (Male) |
| 18:31 | Queue | Villager (Male) |
| 18:55 | Build | Farm |
| 18:58 | Queue | Villager (Male) |
| 19:01 | Build | Farm |
| 19:05 | Queue | Villager (Male) |
| 19:52 | Build | Mining Camp |
| 20:11 | Queue | Villager (Male) |
| 20:18 | Build | Farm |
| 20:20 | Build | Farm |
| 20:41 | Research | Castle Age |
| 20:48 | Build | Farm |
| 21:01 | Research | Horse Collar |
| 21:15 | Build | Watch Tower |
| 21:51 | Research | Fletching |
| 21:57 | Research | Double-Bit Axe |
| 22:21 | Build | Stone Wall |
| 22:26 | Build | Stone Wall |
| 23:21 | Age | Castle Age |
| 23:25 | Queue | Villager (Male) |
| 23:30 | Build | University |
| 23:30 | Queue | Villager (Male) |
| 23:40 | Queue | Villager (Male) |
| 23:41 | Queue | Villager (Male) |
| 23:46 | Research | Bow Saw |
| 23:53 | Queue | Villager (Male) |
| 24:03 | Queue | Villager (Male) |
| 24:09 | Build | Town Center |
| 24:20 | Build | Lumber Camp |
| 24:45 | Research | Bodkin Arrow |
| 24:49 | Queue | Villager (Male) |
| 25:11 | Build | Town Center |
| 25:14 | Build | House |
| 25:15 | Build | House |
| 25:22 | Queue | Villager (Male) |
| 25:51 | Queue | Villager (Male) |
| 25:52 | Queue | Villager (Male) |
| 25:56 | Queue | Villager (Male) |
| 26:15 | Queue | Villager (Male) |
| 26:22 | Queue | Villager (Male) |
| 26:24 | Build | Farm |
| 26:26 | Queue | Villager (Male) |
| 26:31 | Build | Siege Workshop |
| 26:32 | Queue | Villager (Male) |
| 26:36 | Queue | Villager (Male) |
| 26:52 | Research | Fortified Wall (upgrade) |
| 26:56 | Queue | Villager (Male) |
| 27:13 | Build | Stone Wall |
| 27:14 | Build | Stone Wall |
| 27:15 | Build | Stone Wall |
| 27:18 | Queue | Villager (Male) |
| 27:23 | Build | Farm |
| 27:25 | Build | Farm |
| 27:25 | Build | Farm |
| 27:26 | Build | Farm |
| 27:26 | Build | Farm |
| 27:27 | Queue | Villager (Male) |
| 27:27 | Queue | Villager (Male) |
| 27:32 | Queue | Villager (Male) |
| 27:32 | Queue | Villager (Male) |
| 27:35 | Queue | Villager (Male) |
Build order — Dangio
First 150 of 388 actions detected
| 0:00 | Queue | Villager (Male) |
| 0:01 | Queue | Villager (Male) |
| 0:01 | Queue | Villager (Male) |
| 0:01 | Queue | Villager (Male) |
| 0:01 | Queue | Villager (Male) |
| 0:02 | Build | House |
| 0:03 | Build | House |
| 0:30 | Research | Loom |
| 0:31 | Research | Loom |
| 0:31 | Queue | Villager (Male) |
| 0:32 | Queue | Villager (Male) |
| 0:32 | Queue | Villager (Male) |
| 1:42 | Queue | Villager (Male) |
| 1:42 | Queue | Villager (Male) |
| 2:07 | Queue | Villager (Male) |
| 2:08 | Queue | Villager (Male) |
| 2:32 | Queue | Villager (Male) |
| 2:32 | Queue | Villager (Male) |
| 2:33 | Build | House |
| 2:54 | Queue | Villager (Male) |
| 2:54 | Queue | Villager (Male) |
| 3:12 | Queue | Villager (Male) |
| 3:12 | Queue | Villager (Male) |
| 3:25 | Build | Lumber Camp |
| 3:31 | Queue | Villager (Male) |
| 3:31 | Queue | Villager (Male) |
| 3:51 | Queue | Villager (Male) |
| 3:51 | Queue | Villager (Male) |
| 4:00 | Build | Palisade Wall |
| 4:02 | Build | Palisade Wall |
| 4:08 | Queue | Villager (Male) |
| 4:09 | Queue | Villager (Male) |
| 4:31 | Queue | Villager (Male) |
| 4:32 | Queue | Villager (Male) |
| 4:32 | Queue | Villager (Male) |
| 4:33 | Queue | Villager (Male) |
| 4:43 | Queue | Villager (Male) |
| 4:44 | Queue | Villager (Male) |
| 5:08 | Queue | Villager (Male) |
| 5:14 | Build | Palisade Wall |
| 5:18 | Queue | Villager (Male) |
| 5:18 | Queue | Villager (Male) |
| 5:48 | Queue | Villager (Male) |
| 6:21 | Build | Mill |
| 7:08 | Research | Feudal Age |
| 7:45 | Build | Barracks |
| 8:18 | Build | House |
| 8:43 | Queue | Villager (Male) |
| 8:46 | Queue | Militia |
| 8:46 | Queue | Militia |
| 8:46 | Queue | Militia |
| 8:49 | Build | House |
| 9:02 | Queue | Villager (Male) |
| 9:18 | Age | Feudal Age |
| 9:28 | Research | Double-Bit Axe |
| 9:29 | Research | Double-Bit Axe |
| 9:56 | Research | Man-at-Arms (upgrade) |
| 10:00 | Build | Palisade Wall |
| 10:01 | Build | Palisade Wall |
| 10:25 | Build | Palisade Wall |
| 10:40 | Queue | Villager (Male) |
| 10:45 | Build | Palisade Gate |
| 10:54 | Queue | Villager (Male) |
| 10:57 | Build | Farm |
| 10:58 | Build | Farm |
| 10:59 | Build | Farm |
| 11:07 | Queue | Villager (Male) |
| 11:09 | Queue | Villager (Male) |
| 11:27 | Build | Stone Wall |
| 11:30 | Queue | Villager (Male) |
| 11:32 | Build | Farm |
| 11:34 | Build | Farm |
| 11:40 | Build | Farm |
| 12:29 | Queue | Villager (Male) |
| 12:37 | Build | Stone Wall |
| 12:39 | Build | Stone Wall |
| 12:43 | Build | Stone Wall |
| 12:45 | Queue | Villager (Male) |
| 12:47 | Build | Farm |
| 12:51 | Build | Mining Camp |
| 12:53 | Queue | Villager (Male) |
| 12:54 | Build | Farm |
| 13:51 | Build | Stone Wall |
| 14:04 | Build | House |
| 14:09 | Queue | Villager (Male) |
| 14:10 | Queue | Villager (Male) |
| 14:34 | Build | Stone Wall |
| 14:37 | Build | Stone Wall |
| 14:47 | Queue | Villager (Male) |
| 14:51 | Build | Farm |
| 14:51 | Build | Farm |
| 15:08 | Queue | Villager (Male) |
| 15:09 | Build | Farm |
| 15:29 | Build | Market |
| 15:36 | Build | Blacksmith |
| 15:41 | Queue | Villager (Male) |
| 16:10 | Queue | Villager (Male) |
| 16:17 | Research | Castle Age |
| 16:17 | Research | Castle Age |
| 17:14 | Build | House |
| 17:15 | Build | House |
| 17:15 | Build | House |
| 17:30 | Queue | Villager (Male) |
| 17:31 | Queue | Villager (Male) |
| 18:27 | Build | House |
| 18:57 | Age | Castle Age |
| 19:05 | Build | Town Center |
| 19:09 | Build | Monastery |
| 19:15 | Research | Bow Saw |
| 19:16 | Research | Bow Saw |
| 19:18 | Queue | Villager (Male) |
| 19:24 | Queue | Villager (Male) |
| 19:45 | Queue | Monk |
| 20:04 | Build | Town Center |
| 20:06 | Queue | Villager (Male) |
| 20:10 | Queue | Villager (Male) |
| 20:11 | Build | Farm |
| 20:13 | Queue | Villager (Male) |
| 20:22 | Queue | Villager (Male) |
| 20:22 | Queue | Villager (Male) |
| 20:34 | Queue | Villager (Male) |
| 20:57 | Queue | Villager (Male) |
| 20:58 | Queue | Villager (Male) |
| 20:58 | Queue | Villager (Male) |
| 21:11 | Queue | Villager (Male) |
| 21:11 | Queue | Villager (Male) |
| 21:35 | Queue | Villager (Male) |
| 21:35 | Queue | Villager (Male) |
| 21:54 | Build | Town Center |
| 21:56 | Queue | Villager (Male) |
| 21:57 | Queue | Villager (Male) |
| 22:02 | Queue | Villager (Male) |
| 22:02 | Queue | Villager (Male) |
| 22:03 | Queue | Villager (Male) |
| 22:12 | Build | Farm |
| 22:14 | Build | Farm |
| 22:16 | Queue | Villager (Male) |
| 22:22 | Build | Mill |
| 22:23 | Build | Farm |
| 22:24 | Build | Farm |
| 22:24 | Build | Farm |
| 22:24 | Build | Farm |
| 22:24 | Build | Farm |
| 22:24 | Build | Farm |
| 22:25 | Build | Farm |
| 22:25 | Build | Farm |
| 22:25 | Build | Farm |
| 22:25 | Build | Farm |
| 22:25 | Build | Farm |
| 22:29 | Research | Horse Collar |
Match timeline
| 0:40 | m1gzu · wall_segment Palisade Wall x4 |
| 1:09 | ReigNessaince · wall_segment Palisade Wall x9 |
| 1:19 | m1gzu · wall_segment Palisade Wall x3 |
| 2:52 | m1gzu · wall_segment Palisade Wall x1 |
| 2:54 | m1gzu · wall_segment Palisade Wall x1 |
| 3:22 | ReigNessaince · wall_segment Palisade Wall x6 |
| 3:24 | ReigNessaince · wall_segment Palisade Wall x3 |
| 3:26 | ReigNessaince · wall_segment Palisade Wall x3 |
| 3:27 | ReigNessaince · wall_segment Palisade Wall x1 |
| 4:00 | Dangio · wall_segment Palisade Wall x6 |
| 4:02 | Dangio · wall_segment Palisade Wall x6 |
| 5:11 | m1gzu · wall_segment Palisade Wall x1 |
| 5:14 | Dangio · wall_segment Palisade Wall x5 |
| 6:24 | m1gzu · wall_segment Palisade Wall x1 |
| 6:27 | m1gzu · wall_segment Palisade Wall x6 |
| 7:28 | LeosMind · first_building Barracks |
| 7:45 | Dangio · first_building Barracks |
| 8:10 | ReigNessaince · wall_segment Palisade Wall x6 |
| 8:12 | ReigNessaince · wall_segment Palisade Wall x8 |
| 8:29 | jimmy · first_building Barracks |
| 9:18 | ReigNessaince · wall_segment Palisade Wall x9 |
| 9:18 | Dangio · age_up feudal |
| 10:00 | LeosMind · age_up feudal |
| 10:00 | Dangio · wall_segment Palisade Wall x1 |
| 10:01 | Dangio · wall_segment Palisade Wall x1 |
| 10:05 | MiMitraglietta · wall_segment Palisade Wall x8 |
| 10:17 | jimmy · age_up feudal |
| 10:20 | jimmy · first_building Archery Range |
| 10:25 | Dangio · wall_segment Palisade Wall x1 |
| 11:21 | MiMitraglietta · age_up feudal |
| 11:27 | Bzm_Going · age_up feudal |
| 11:27 | Dangio · wall_segment Stone Wall x7 |
| 12:07 | LeosMind · first_building Archery Range |
| 12:27 | Contadinu(?) · age_up feudal |
| 12:37 | m1gzu · age_up feudal |
| 12:37 | Dangio · wall_segment Stone Wall x2 |
| 12:39 | Dangio · wall_segment Stone Wall x1 |
| 12:43 | Dangio · wall_segment Stone Wall x8 |
| 12:45 | ReigNessaince · age_up feudal |
| 13:51 | m1gzu · wall_segment Stone Wall x9 |
| 13:51 | Dangio · wall_segment Stone Wall x1 |
| 14:34 | Dangio · wall_segment Stone Wall x7 |
| 14:37 | Dangio · wall_segment Stone Wall x7 |
| 14:54 | MiMitraglietta · age_up castle |
| 14:55 | MiMitraglietta · first_building Monastery |
| 15:00 | MiMitraglietta · first_building Siege Workshop |
| 15:01 | Bzm_Going · age_up castle |
| 16:00 | Contadinu(?) · age_up castle |
| 16:09 | m1gzu · age_up castle |
| 16:13 | Contadinu(?) · first_building Castle |
| 16:20 | m1gzu · first_market_buy 100 food |
| 16:26 | Bzm_Going · first_market_buy 100 wood |
| 16:37 | ReigNessaince · age_up castle |
| 16:41 | m1gzu · first_building Castle |
| 16:51 | LeosMind · wall_segment Stone Wall x6 |
| 16:56 | LeosMind · wall_segment Stone Wall x8 |
| 16:58 | m1gzu · wall_segment Palisade Wall x1 |
| 17:01 | ReigNessaince · first_building Monastery |
| 17:10 | jimmy · wall_segment Stone Wall x9 |
| 17:19 | jimmy · wall_segment Stone Wall x9 |
| 17:23 | ReigNessaince · first_market_buy 100 wood |
| 17:37 | ReigNessaince · first_market_sell 100 food |
| 17:42 | ReigNessaince · wall_segment Stone Wall x6 |
| 17:47 | ReigNessaince · wall_segment Stone Wall x7 |
| 18:02 | Contadinu(?) · first_market_sell 100 wood |
| 18:03 | Contadinu(?) · first_market_buy 100 food |
| 18:14 | ReigNessaince · wall_segment Stone Wall x1 |
| 18:15 | ReigNessaince · wall_segment Stone Wall x1 |
| 18:25 | MiMitraglietta · first_market_sell 100 wood |
| 18:29 | ReigNessaince · wall_segment Stone Wall x1 |
| 18:30 | ReigNessaince · wall_segment Stone Wall x1 |
| 18:57 | Dangio · age_up castle |
| 19:02 | Dangio · first_market_buy 100 stone |
| 19:07 | Dangio · first_market_sell 100 food |
| 19:09 | Dangio · first_building Monastery |
| 19:13 | jimmy · age_up castle |
| 19:14 | ReigNessaince · wall_segment Stone Wall x1 |
| 19:16 | ReigNessaince · wall_segment Stone Wall x1 |
| 19:23 | ReigNessaince · wall_segment Stone Wall x1 |
| 19:24 | ReigNessaince · wall_segment Stone Wall x1 |
| 19:28 | Contadinu(?) · first_building Siege Workshop |
| 19:37 | ReigNessaince · wall_segment Palisade Wall x1 |
| 19:38 | ReigNessaince · wall_segment Palisade Wall x1 |
| 19:39 | ReigNessaince · wall_segment Palisade Wall x1 |
| 20:39 | ReigNessaince · first_building Siege Workshop |
| 21:31 | m1gzu · wall_segment Stone Wall x4 |
| 21:44 | MiMitraglietta · first_market_buy 100 stone |
| 22:13 | m1gzu · wall_segment Stone Wall x3 |
| 22:21 | LeosMind · wall_segment Stone Wall x8 |
| 22:26 | LeosMind · wall_segment Stone Wall x7 |
| 22:29 | m1gzu · wall_segment Stone Wall x2 |
| 23:21 | LeosMind · age_up castle |
| 24:02 | m1gzu · first_building Barracks |
| 24:05 | LeosMind · first_market_buy 100 wood |
| 24:24 | Bzm_Going · first_building Monastery |
| 24:33 | Contadinu(?) · first_building Barracks |
| 24:38 | m1gzu · first_building Monastery |
| 25:24 | m1gzu · wall_segment Stone Wall x11 |
| 25:29 | m1gzu · first_building Siege Workshop |
| 25:43 | Bzm_Going · first_market_sell 100 food |
| 25:51 | ReigNessaince · wall_segment Stone Wall x1 |
| 25:52 | ReigNessaince · wall_segment Stone Wall x1 |
| 26:04 | m1gzu · wall_segment Stone Wall x7 |
| 26:22 | ReigNessaince · wall_segment Stone Wall x8 |
| 26:29 | Bzm_Going · first_building Barracks |
| 26:31 | LeosMind · first_building Siege Workshop |
| 26:34 | Bzm_Going · first_building Castle |
| 26:50 | ReigNessaince · wall_segment Stone Wall x1 |
| 26:59 | Dangio · first_building Castle |
| 27:13 | LeosMind · wall_segment Stone Wall x1 |
| 27:14 | LeosMind · wall_segment Stone Wall x1 |
| 27:15 | LeosMind · wall_segment Stone Wall x1 |
| 27:20 | ReigNessaince · wall_segment Stone Wall x2 |
| 27:23 | MiMitraglietta · first_building Barracks |
| 27:29 | ReigNessaince · wall_segment Stone Wall x11 |
| 27:35 | Bzm_Going · first_building Stable |
| 27:41 | m1gzu · first_market_sell 100 wood |
| 27:45 | MiMitraglietta · first_building Castle |
| 27:51 | m1gzu · wall_segment Stone Wall x6 |
| 28:13 | ReigNessaince · wall_segment Stone Wall x5 |
| 28:23 | Contadinu(?) · first_building Archery Range |
| 28:27 | Bzm_Going · first_building Krepost |
| 28:31 | ReigNessaince · first_building Barracks |
| 28:38 | MiMitraglietta · first_building Archery Range |
| 28:44 | ReigNessaince · wall_segment Stone Wall x12 |
| 28:47 | ReigNessaince · wall_segment Stone Wall x13 |
| 28:51 | ReigNessaince · wall_segment Stone Wall x13 |
| 28:52 | LeosMind · first_building Castle |
| 28:59 | jimmy · first_building Siege Workshop |
| 29:03 | Bzm_Going · age_up imperial |
| 29:04 | Dangio · first_building Stable |
| 29:19 | MiMitraglietta · age_up imperial |
| 29:27 | m1gzu · wall_segment Stone Wall x1 |
| 31:01 | m1gzu · age_up imperial |
| 31:31 | Contadinu(?) · wall_segment Stone Wall x6 |
| 31:46 | Contadinu(?) · wall_segment Stone Wall x2 |
| 31:52 | Contadinu(?) · age_up imperial |
| 32:10 | Dangio · age_up imperial |
| 32:23 | Contadinu(?) · wall_segment Stone Wall x2 |
| 32:41 | jimmy · age_up imperial |
| 33:03 | ReigNessaince · wall_segment Stone Wall x1 |
| 33:06 | ReigNessaince · wall_segment Stone Wall x1 |
| 33:29 | ReigNessaince · age_up imperial |
| 35:19 | Dangio · first_building Siege Workshop |
| 36:13 | jimmy · first_building Castle |
| 36:20 | LeosMind · age_up imperial |
| 36:47 | ReigNessaince · first_building Castle |
| 38:09 | jimmy · first_market_sell 500 wood |
| 41:29 | MiMitraglietta · tribute_sent a jugador 1 |
| 41:29 | MiMitraglietta · tribute_sent a jugador 2 |
| 41:29 | MiMitraglietta · tribute_sent a jugador 3 |
| 41:29 | MiMitraglietta · tribute_sent a jugador 4 |
| 41:29 | MiMitraglietta · tribute_sent a jugador 6 |
| 41:29 | MiMitraglietta · tribute_sent a jugador 7 |
| 41:29 | MiMitraglietta · tribute_sent a jugador 8 |
| 43:53 | Bzm_Going · resign |
[ AI ANALYSIS · 1 CREDIT ]
What really happened in this match?
Wolo.gg analyzes every decision: build order, eco, micro, common mistakes by bracket. Personalized analysis on WhatsApp or Discord in 30 seconds.
Civ guide
Tupi
Perfil
Jugador #249409